PA
YELLOWKNIFE DRAGONBLOOD @ ATHLETIC CLUB KC U-21
07/13/2023
 
TOP OF THE 1ST
Yellowknife Dragonblood batting - Pitching for Athletic Club KC U-21 : RHP Edgar Cruz
Pitching: RHP Edgar Cruz
Batting: LHB José Serna 0-0: Ball
1-0: Ball
2-0: Ball
3-0: Called Strike
3-1: Called Strike
3-2: Ground out 6-3 (Groundball, 6)
Batting: RHB Dave Schroeder 0-0: Ball
1-0: Fly out, F8 (Line Drive, 8LM)
Batting: RHB Ángel Arroyo 0-0: Ball
1-0: Fly out, F7 (Popup, 56D)
Top of the 1st over - 0 run(s), 0 hit(s), 0 error(s), 0 left on base; Yellowknife 0 - Athletic Club KC 0
BOTTOM OF THE 1ST
Athletic Club KC U-21 batting - Pitching for Yellowknife Dragonblood : RHP Roberto Nieves
Pitching: RHP Roberto Nieves
Batting: RHB Aurelio Álvarez 0-0: Swinging Strike
0-1: Called Strike
0-2: Strikes out swinging
Batting: RHB Felipe Pabalate 0-0: Ball
1-0: Ground out 4-3 (Groundball, 34)
Batting: LHB Manuel Domínguez 0-0: Ball
1-0: Foul Ball, location: 2F
1-1: Foul Ball, location: 2F
1-2: SINGLE (Line Drive, 3D)
Batting: LHB Naohiro Sakai 0-0: Fly out, F6 (Popup, 56D)
Bottom of the 1st over - 0 run(s), 1 hit(s), 0 error(s), 1 left on base; Yellowknife 0 - Athletic Club KC 0
TOP OF THE 2ND
Yellowknife Dragonblood batting - Pitching for Athletic Club KC U-21 : RHP Edgar Cruz
Batting: RHB Lloyd Walsh 0-0: Ball
1-0: Fly out, F3 (Popup, 3F)
Batting: RHB Ron Morton 0-0: Called Strike
0-1: Ball
1-1: Ball
2-1: Ball
3-1: Base on Balls
Batting: SHB Mitch Qualtrough 0-0: Ball
1-0: Ball
2-0: Ball
3-0: Called Strike
3-1: Reached on error, E1 (Groundball, 15)
Ron Morton to second
Batting: RHB Raúl Moreno 0-0: Called Strike
0-1: Called Strike
0-2: Grounds into double play, 5-4-3 (Groundball, 5)
Top of the 2nd over - 0 run(s), 0 hit(s), 1 error(s), 1 left on base; Yellowknife 0 - Athletic Club KC 0
BOTTOM OF THE 2ND
Athletic Club KC U-21 batting - Pitching for Yellowknife Dragonblood : RHP Roberto Nieves
Batting: RHB Diego Bonilla 0-0: Ball
1-0: Ball
2-0: Foul Ball, location: 2F
2-1: Called Strike
2-2: SINGLE (Line Drive, 8RS)
Batting: LHB Tony García 0-0: Fly out, F9 (Flyball, 9M)
Batting: RHB Iván Chacón 0-0: Ball
1-0: Ball
2-0: Called Strike
2-1: Foul Ball, location: 2F
2-2: Fly out, F9 (Flyball, 89M)
Batting: RHB Pedro Silva 0-0: Ball
1-0: Called Strike
Diego Bonilla is caught stealing 2nd base
Bottom of the 2nd over - 0 run(s), 1 hit(s), 0 error(s), 0 left on base; Yellowknife 0 - Athletic Club KC 0
TOP OF THE 3RD
Yellowknife Dragonblood batting - Pitching for Athletic Club KC U-21 : RHP Edgar Cruz
Batting: RHB Tomás Martínez 0-0: Fly out, F5 (Popup, 56S)
Batting: LHB Ramón Guzmán 0-0: Swinging Strike
0-1: Ball
1-1: Fly out, F8 (Flyball, 8LM)
Batting: LHB José Serna 0-0: Foul Ball, location: 2F
0-1: Called Strike
0-2: Ball
1-2: Fly out, F9 (Flyball, 89M)
Top of the 3rd over - 0 run(s), 0 hit(s), 0 error(s), 0 left on base; Yellowknife 0 - Athletic Club KC 0
BOTTOM OF THE 3RD
Athletic Club KC U-21 batting - Pitching for Yellowknife Dragonblood : RHP Roberto Nieves
Batting: RHB Pedro Silva 0-0: Called Strike
0-1: Ground out 5-3 (Groundball, 5L)
Batting: RHB Altifício Azor 0-0: Swinging Strike
0-1: Swinging Strike
0-2: Ball
1-2: Fly out, F4 (Popup, 4D)
Batting: RHB Aurelio Álvarez 0-0: Ball
1-0: Swinging Strike
1-1: Ball
2-1: Foul Ball, location: 2F
2-2: Ball
3-2: Foul Ball, location: 2F
3-2: Foul Ball, location: 2F
3-2: Strikes out swinging
Bottom of the 3rd over - 0 run(s), 0 hit(s), 0 error(s), 0 left on base; Yellowknife 0 - Athletic Club KC 0
TOP OF THE 4TH
Yellowknife Dragonblood batting - Pitching for Athletic Club KC U-21 : RHP Edgar Cruz
Batting: RHB Dave Schroeder 0-0: Called Strike
0-1: Ball
1-1: Called Strike
1-2: Strikes out looking
Batting: RHB Ángel Arroyo 0-0: Ball
1-0: Ball
2-0: Ball
3-0: Base on Balls
Batting: RHB Lloyd Walsh 0-0: Ball
1-0: Foul Ball, location: 2F
1-1: Ball
2-1: Foul Ball, location: 2F
2-2: Ball
3-2: Foul Ball, location: 2F
3-2: Strikes out swinging
Batting: RHB Ron Morton 0-0: Fielders Choice at 2nd, U4 (Groundball, 4M)
Top of the 4th over - 0 run(s), 0 hit(s), 0 error(s), 1 left on base; Yellowknife 0 - Athletic Club KC 0
BOTTOM OF THE 4TH
Athletic Club KC U-21 batting - Pitching for Yellowknife Dragonblood : RHP Roberto Nieves
Batting: RHB Felipe Pabalate 0-0: Called Strike
0-1: Foul Ball, location: 2F
0-2: Ball
1-2: Ball
2-2: Foul Ball, location: 2F
2-2: SINGLE (Line Drive, 89S)
Batting: LHB Manuel Domínguez 0-0: Hit by Pitch
Felipe Pabalate to second
Batting: LHB Naohiro Sakai 0-0: Called Strike
0-1: Ball
1-1: Swinging Strike
1-2: Ground out 4-3 (Groundball, 4M)
Felipe Pabalate to third
Manuel Domínguez to second
Batting: RHB Diego Bonilla 0-0: Ball
1-0: Foul Ball, location: 2F
1-1: Swinging Strike
1-2: Ball
2-2: Fly out, F7 (Flyball, 78M)
Runner from 3rd tags up, SCORES, no throw
Batting: LHB Tony García 0-0: Ball
1-0: Swinging Strike
1-1: Ball
2-1: Fly out, F7 (Popup, 56D)
Bottom of the 4th over - 1 run(s), 1 hit(s), 0 error(s), 1 left on base; Yellowknife 0 - Athletic Club KC 1
TOP OF THE 5TH
Yellowknife Dragonblood batting - Pitching for Athletic Club KC U-21 : RHP Edgar Cruz
Batting: SHB Mitch Qualtrough 0-0: Ball
1-0: SINGLE (Groundball, 34D)
Batting: RHB Raúl Moreno 0-0: Ball
1-0: Bunt missed!
1-1: Sac Bunt - play at first, batter OUT! 1-4
Mitch Qualtrough to second
Batting: RHB Tomás Martínez 0-0: Ball
1-0: Swinging Strike
1-1: Called Strike
1-2: Ball
2-2: Ball
3-2: Strikes out swinging
Batting: LHB Ramón Guzmán 0-0: Ball
1-0: Foul Ball, location: 2F
1-1: Foul Ball, location: 2F
1-2: SINGLE (Groundball, 4MD)
Mitch Qualtrough to third
Runner from 3rd tries for Home, SAFE, no throw or cutoff
Batting: LHB José Serna 0-0: Ground out 1-3 (Groundball, 23)
Top of the 5th over - 1 run(s), 2 hit(s), 0 error(s), 1 left on base; Yellowknife 1 - Athletic Club KC 1
BOTTOM OF THE 5TH
Athletic Club KC U-21 batting - Pitching for Yellowknife Dragonblood : RHP Roberto Nieves
Batting: RHB Iván Chacón 0-0: Ball
1-0: Foul Ball, location: 2F
1-1: Swinging Strike
1-2: Ball
2-2: Fly out, F9 (Flyball, 9S)
Batting: RHB Pedro Silva 0-0: Ball
1-0: Foul Ball, location: 2F
1-1: Foul Ball, location: 2F
1-2: Strikes out looking
Batting: RHB Altifício Azor 0-0: Called Strike
0-1: Foul Ball, location: 2F
0-2: Strikes out swinging
Bottom of the 5th over - 0 run(s), 0 hit(s), 0 error(s), 0 left on base; Yellowknife 1 - Athletic Club KC 1
TOP OF THE 6TH
Yellowknife Dragonblood batting - Pitching for Athletic Club KC U-21 : RHP Edgar Cruz
Batting: RHB Dave Schroeder 0-0: Ball
1-0: Ground out 5-3 (Groundball, 5S)
Batting: RHB Ángel Arroyo 0-0: Called Strike
0-1: Ball
1-1: Ground out 6-3 (Groundball, 6M)
Batting: RHB Lloyd Walsh 0-0: Ball
1-0: Called Strike
1-1: Ball
2-1: Ball
3-1: Fly out, F9 (Flyball, 9M)
Top of the 6th over - 0 run(s), 0 hit(s), 0 error(s), 0 left on base; Yellowknife 1 - Athletic Club KC 1
BOTTOM OF THE 6TH
Athletic Club KC U-21 batting - Pitching for Yellowknife Dragonblood : RHP Roberto Nieves
Batting: RHB Aurelio Álvarez 0-0: Called Strike
0-1: Ball
1-1: Ground out 6-3 (Groundball, 6M)
Pitching: LHP Jorge Sánchez
Batting: RHB Felipe Pabalate 0-0: SINGLE (Groundball, 4D)
Batting: LHB Manuel Domínguez 0-0: Swinging Strike
0-1: Foul Ball, location: 2F
0-2: Ball
1-2: Ball
2-2: Strikes out swinging
Batting: LHB Naohiro Sakai 0-0: Ball
1-0: Fly out, F8 (Flyball, 8RS)
Bottom of the 6th over - 0 run(s), 1 hit(s), 0 error(s), 1 left on base; Yellowknife 1 - Athletic Club KC 1
TOP OF THE 7TH
Yellowknife Dragonblood batting - Pitching for Athletic Club KC U-21 : RHP Edgar Cruz
Pinch Hitting: LHB José Vargas 0-0: Foul Ball, location: 2F
0-1: Foul Ball, location: 2F
0-2: Ground out 3-1 (Groundball, 34)
Batting: SHB Mitch Qualtrough 0-0: Ball
1-0: Called Strike
1-1: Called Strike
1-2: Strikes out looking
Batting: RHB Raúl Moreno 0-0: Called Strike
0-1: Called Strike
0-2: Ball
1-2: Ball
2-2: Fly out, F7 (Flyball, 7M)
Top of the 7th over - 0 run(s), 0 hit(s), 0 error(s), 0 left on base; Yellowknife 1 - Athletic Club KC 1
BOTTOM OF THE 7TH
Athletic Club KC U-21 batting - Pitching for Yellowknife Dragonblood : LHP Jorge Sánchez
Now in LF: José Vargas
Batting: RHB Diego Bonilla 0-0: Ground out 5-3 (Groundball, 5L)
Batting: LHB Tony García 0-0: Called Strike
0-1: Foul Ball, location: 2F
0-2: Strikes out looking
Batting: RHB Iván Chacón 0-0: Called Strike
0-1: Foul Ball, location: 2F
0-2: Ball
1-2: Ball
2-2: Foul Ball, location: 2F
2-2: Strikes out looking
Bottom of the 7th over - 0 run(s), 0 hit(s), 0 error(s), 0 left on base; Yellowknife 1 - Athletic Club KC 1
TOP OF THE 8TH
Yellowknife Dragonblood batting - Pitching for Athletic Club KC U-21 : RHP Edgar Cruz
Pitching: RHP Roland Allen
Batting: RHB Tomás Martínez 0-0: Ball
1-0: Fly out, F8 (Flyball, 8RD)
Pinch Hitting: RHB Ray Flynn 0-0: Foul Ball, location: 2F
0-1: Foul Ball, location: 2F
0-2: Ball
1-2: Strikes out swinging
Batting: LHB José Serna 0-0: Swinging Strike
0-1: Ball
1-1: Ball
2-1: Ball
3-1: Ground out U3 (Groundball, 3)
Top of the 8th over - 0 run(s), 0 hit(s), 0 error(s), 0 left on base; Yellowknife 1 - Athletic Club KC 1
BOTTOM OF THE 8TH
Athletic Club KC U-21 batting - Pitching for Yellowknife Dragonblood : LHP Jorge Sánchez
Now in RF: Walter Frampton
Batting: RHB Pedro Silva 0-0: Swinging Strike
0-1: Ball
1-1: Swinging Strike
1-2: Foul Ball, location: 2F
1-2: Strikes out looking
Pinch Hitting: RHB Jim Unknown 0-0: Foul Ball, location: 2F
0-1: Ground out 5-3 (Groundball, 56)
Batting: RHB Aurelio Álvarez 0-0: Swinging Strike
0-1: Ball
1-1: Called Strike
1-2: Ball
2-2: Strikes out swinging
Bottom of the 8th over - 0 run(s), 0 hit(s), 0 error(s), 0 left on base; Yellowknife 1 - Athletic Club KC 1
TOP OF THE 9TH
Yellowknife Dragonblood batting - Pitching for Athletic Club KC U-21 : RHP Roland Allen
Pitching: RHP Kas Groen
Now at 1B: Alfonso Ciucio
Pinch Hitting: RHB Rodriguo Condea 0-0: Ball
1-0: Called Strike
1-1: Ball
2-1: Ground out 6-3 (Groundball, 6MD)
Pinch Hitting: RHB Alberto Blanco 0-0: Swinging Strike
0-1: Called Strike
0-2: Ball
1-2: Ball
2-2: Foul Ball, location: 2F
2-2: Ball
3-2: Foul Ball, location: 2F
3-2: Base on Balls
Pinch Runner at 1st Higino Malrasca:
Pinch Hitting: RHB Roberto Vázquez 0-0: Called Strike
Higino Malrasca is caught stealing 2nd base
0-1: Ball
1-1: Ground out 4-3 (Groundball, 4)
Top of the 9th over - 0 run(s), 0 hit(s), 0 error(s), 0 left on base; Yellowknife 1 - Athletic Club KC 1
BOTTOM OF THE 9TH
Athletic Club KC U-21 batting - Pitching for Yellowknife Dragonblood : LHP Jorge Sánchez
Now at 2B: Higino Malrasca
Now at 3B: Sacha Nieuwenburg
Now in CF: Roberto Vázquez
Batting: RHB Felipe Pabalate 0-0: Ball
1-0: Fly out, F9 (Flyball, 9LM)
Batting: LHB Manuel Domínguez 0-0: Ground out 5-3 (Groundball, 5)
Pitching: RHP Pedro Lara
Batting: LHB Naohiro Sakai 0-0: Ball
1-0: Ball
2-0: Ground out 1-3 (Groundball, 15S)
Bottom of the 9th over - 0 run(s), 0 hit(s), 0 error(s), 0 left on base; Yellowknife 1 - Athletic Club KC 1
TOP OF THE 10TH
Yellowknife Dragonblood batting - Pitching for Athletic Club KC U-21 : RHP Kas Groen
Batting: LHB José Vargas 0-0: Ball
1-0: Swinging Strike
1-1: Swinging Strike
1-2: Ball
2-2: Foul Ball, location: 2F
2-2: Strikes out swinging
Batting: SHB Mitch Qualtrough 0-0: Called Strike
0-1: Ball
1-1: Called Strike
1-2: Ball
2-2: Strikes out swinging
Batting: RHB Raúl Moreno 0-0: Swinging Strike
0-1: Foul Ball, location: 2F
0-2: Foul Ball, location: 2F
0-2: SINGLE (Groundball, 6MD)
Batting: RHB Tomás Martínez 0-0: Ball
1-0: DOUBLE (Flyball, 78XD)
Raúl Moreno to third
Runner from 3rd tries for Home, SAFE, throw made home
Batting: LHB Walter Frampton 0-0: Swinging Strike
0-1: Ball
1-1: Fly out, F7 (Flyball, 7LM)
Top of the 10th over - 1 run(s), 2 hit(s), 0 error(s), 1 left on base; Yellowknife 2 - Athletic Club KC 1
BOTTOM OF THE 10TH
Athletic Club KC U-21 batting - Pitching for Yellowknife Dragonblood : RHP Pedro Lara
Pitching: RHP Roy Gartner
Pinch Hitting: SHB Sang-your Yu 0-0: Ball
1-0: Foul Ball, location: 2F
1-1: SINGLE (Line Drive, 3D)
Batting: LHB Tony García 0-0: Bunt missed!
0-1: Sac Bunt - play at first, batter OUT! 1-4
Sang-your Yu to second
Batting: RHB Iván Chacón 0-0: Foul Ball, location: 2F
0-1: Swinging Strike
0-2: Strikes out swinging
Batting: RHB Pedro Silva 0-0: Called Strike
0-1: Ground out 5-3 (Groundball, 56)
Bottom of the 10th over - 0 run(s), 1 hit(s), 0 error(s), 1 left on base; Yellowknife 2 - Athletic Club KC 1
This league is powered by Out of the Park Baseball, the baseball management simulation game for PC, Mac and Linux
Friday, July 8th, 2016 - OOTP Baseball 16.9 Build 39